3L
PORTLAND EVERGREENS @ TOLEDO STINGERS
07/18/2028
 
TOP OF THE 1ST
Portland Evergreens batting - Pitching for Toledo Stingers : LHP Vincent Bannon
Pitching: LHP Vincent Bannon
Batting: RHB Silvio Bonauiti 0-0: Ball
1-0: Ball
2-0: Fly out, F8 (Flyball, 8LXD)
Batting: LHB Charles Mathes 0-0: Ball
1-0: SINGLE (Groundball, 6MD)
Batting: LHB Chris Payling 0-0: Ball
Charles Mathes is caught stealing 2nd base
1-0: Called Strike
1-1: Ball
2-1: Ball
3-1: Base on Balls
Batting: LHB John Ennis 0-0: Ball
1-0: Ball
2-0: Called Strike
2-1: Foul Ball, location: 2F
2-2: Ball
3-2: Ground out 4-3 (Groundball, 34D)
Top of the 1st over - 0 run(s), 1 hit(s), 0 error(s), 1 left on base; Portland 0 - Toledo 0
BOTTOM OF THE 1ST
Toledo Stingers batting - Pitching for Portland Evergreens : RHP Roberto Calderón
Pitching: RHP Roberto Calderón
Batting: LHB Chris West 0-0: Ball
1-0: Ground out 6-3 (Groundball, 6)
Batting: RHB Alfredo Martínez 0-0: Foul Ball, location: 2F
0-1: Called Strike
0-2: Ball
1-2: Strikes out looking
Batting: SHB Dylan Carson 0-0: Called Strike
0-1: Ball
1-1: Ground out 4-3 (Groundball, 4)
Bottom of the 1st over - 0 run(s), 0 hit(s), 0 error(s), 0 left on base; Portland 0 - Toledo 0
TOP OF THE 2ND
Portland Evergreens batting - Pitching for Toledo Stingers : LHP Vincent Bannon
Batting: LHB Adrián Gómez 0-0: Ball
1-0: Called Strike
1-1: Ball
2-1: Ball
3-1: SINGLE (Line Drive, 4D)
Batting: RHB Ty Struck 0-0: Foul Ball, location: 2F
0-1: SINGLE (Line Drive, 89M)
Adrián Gómez to second
Batting: LHB José Ruíz 0-0: Swinging Strike
0-1: Ball
1-1: SINGLE (Groundball, 5S) (infield hit)
Adrián Gómez to third
Ty Struck to second
Batting: RHB Frank Crocker 0-0: Ball
1-0: Ball
2-0: Called Strike
2-1: Swinging Strike
2-2: SINGLE (Line Drive, 3)
Adrián Gómez scores
Ty Struck to third
José Ruíz to second
Batting: LHB Gabriel Díaz 0-0: Swinging Strike
0-1: SINGLE (Line Drive, 78S)
Ty Struck scores
José Ruíz to third
Frank Crocker to second
Runner from 3rd tries for Home, SAFE, no throw
Batting: RHB Silvio Bonauiti 0-0: Ball
1-0: Foul Ball, location: 2F
1-1: Ball
2-1: TRIPLE (Flyball, 8RD)
Frank Crocker scores
Gabriel Díaz scores
Batting: LHB Charles Mathes 0-0: Ball
1-0: Ball
2-0: Swinging Strike
2-1: Ball
3-1: Swinging Strike
3-2: Foul Ball, location: 2F
3-2: Strikes out swinging
Batting: LHB Chris Payling 0-0: Ball
1-0: Foul Ball, location: 2F
1-1: Ball
2-1: Foul Ball, location: 2F
2-2: Foul Ball, location: 2F
2-2: Ground out 4-3 (Groundball, 4)
Silvio Bonauiti scores
Batting: LHB John Ennis 0-0: Fly out, F5 (Popup, 5L)
Top of the 2nd over - 6 run(s), 6 hit(s), 0 error(s), 0 left on base; Portland 6 - Toledo 0
BOTTOM OF THE 2ND
Toledo Stingers batting - Pitching for Portland Evergreens : RHP Roberto Calderón
Batting: SHB Leonard O'Connor 0-0: Foul Ball, location: 2F
0-1: Called Strike
0-2: SINGLE (Groundball, 4MD)
Batting: RHB Ken Little 0-0: Called Strike
0-1: Swinging Strike
0-2: Strikes out swinging
Batting: RHB Meka Knight 0-0: Ball
1-0: Ball
2-0: Foul Ball, location: 2F
2-1: Foul Ball, location: 2F
2-2: Fly out, F8 (Flyball, 8LM)
Batting: RHB Isaac Downey 0-0: Ball
1-0: Fly out, F7 (Flyball, 7S)
Bottom of the 2nd over - 0 run(s), 1 hit(s), 0 error(s), 1 left on base; Portland 6 - Toledo 0
TOP OF THE 3RD
Portland Evergreens batting - Pitching for Toledo Stingers : LHP Vincent Bannon
Batting: LHB Adrián Gómez 0-0: Called Strike
0-1: Foul Ball, location: 2F
0-2: Foul Ball, location: 2F
0-2: Ball
1-2: Ball
2-2: Ball
3-2: Base on Balls
Batting: RHB Ty Struck 0-0: Ball
1-0: Ball
2-0: Called Strike
2-1: Foul Ball, location: 2F
2-2: Ball
3-2: Base on Balls
Adrián Gómez to second
Batting: LHB José Ruíz 0-0: Ball
1-0: Ball
2-0: Ball
3-0: Called Strike
3-1: Foul Ball, location: 2F
3-2: Fly out, F7 (Flyball, 7LM)
Batting: RHB Frank Crocker 0-0: Called Strike
0-1: Ball
1-1: Ball
2-1: Grounds into double play, 6-4-3 (Groundball, 6)
Top of the 3rd over - 0 run(s), 0 hit(s), 0 error(s), 1 left on base; Portland 6 - Toledo 0
BOTTOM OF THE 3RD
Toledo Stingers batting - Pitching for Portland Evergreens : RHP Roberto Calderón
Batting: RHB Juan Ramos 0-0: Called Strike
0-1: Called Strike
0-2: Strikes out swinging
Batting: LHB Locke Lamora 0-0: Ball
1-0: Ball
2-0: Foul Ball, location: 2F
2-1: Ball
3-1: Ground out 4-3 (Groundball, 4)
Batting: LHB Chris West 0-0: Ball
1-0: Ground out 6-3 (Groundball, 6)
Bottom of the 3rd over - 0 run(s), 0 hit(s), 0 error(s), 0 left on base; Portland 6 - Toledo 0
TOP OF THE 4TH
Portland Evergreens batting - Pitching for Toledo Stingers : LHP Vincent Bannon
Batting: LHB Gabriel Díaz 0-0: Ball
1-0: Ground out U3 (Groundball, 34)
Batting: RHB Silvio Bonauiti 0-0: Called Strike
0-1: Foul Ball, location: 2F
0-2: Ball
1-2: Strikes out looking
Batting: LHB Charles Mathes 0-0: Foul Ball, location: 2F
0-1: SINGLE (Line Drive, 6MD)
Batting: LHB Chris Payling 0-0: Ball
1-0: Ground out 4-3 (Groundball, 34)
Top of the 4th over - 0 run(s), 1 hit(s), 0 error(s), 1 left on base; Portland 6 - Toledo 0
BOTTOM OF THE 4TH
Toledo Stingers batting - Pitching for Portland Evergreens : RHP Roberto Calderón
Batting: RHB Alfredo Martínez 0-0: Ball
1-0: Ball
2-0: SINGLE (Groundball, 56S) (infield hit)
Batting: SHB Dylan Carson 0-0: Foul Ball, location: 2F
0-1: Foul Ball, location: 2F
0-2: Ball
1-2: Foul Ball, location: 2F
1-2: Ball
2-2: Foul Ball, location: 2F
2-2: Grounds into double play, 4-6-3 (Groundball, 4)
Batting: SHB Leonard O'Connor 0-0: Ball
1-0: Foul Ball, location: 2F
1-1: Called Strike
1-2: Foul Ball, location: 2F
1-2: Ground out 4-3 (Groundball, 4M)
Bottom of the 4th over - 0 run(s), 1 hit(s), 0 error(s), 0 left on base; Portland 6 - Toledo 0
TOP OF THE 5TH
Portland Evergreens batting - Pitching for Toledo Stingers : LHP Vincent Bannon
Pitching: LHP Jack King
Batting: LHB John Ennis 0-0: Ball
1-0: Ball
2-0: Ball
3-0: Base on Balls
Batting: LHB Adrián Gómez 0-0: Ball
1-0: Ball
2-0: Swinging Strike
2-1: Ball
3-1: Called Strike
3-2: Foul Ball, location: 2F
3-2: Fly out, F8 (Line Drive, 78D)
Batting: RHB Ty Struck 0-0: Ball
1-0: Swinging Strike
1-1: Ball
2-1: Foul Ball, location: 2F
2-2: Strikes out swinging
Batting: LHB José Ruíz 0-0: Ball
1-0: Foul Ball, location: 2F
1-1: SINGLE (Groundball, 34D)
John Ennis to second
Runner from 2nd tries for 3rd, SAFE, no throw
Batting: RHB Frank Crocker 0-0: Swinging Strike
0-1: Ball
1-1: Fielders Choice at 2nd, 6-4 (Groundball, 6)
Top of the 5th over - 0 run(s), 1 hit(s), 0 error(s), 1 left on base; Portland 6 - Toledo 0
BOTTOM OF THE 5TH
Toledo Stingers batting - Pitching for Portland Evergreens : RHP Roberto Calderón
Batting: RHB Ken Little 0-0: Ball
1-0: Called Strike
1-1: Foul Ball, location: 2F
1-2: Foul Ball, location: 2F
1-2: Ball
2-2: Foul Ball, location: 2F
2-2: Strikes out looking
Batting: RHB Meka Knight 0-0: Foul Ball, location: 2F
0-1: Ball
1-1: Called Strike
1-2: Foul Ball, location: 2F
1-2: Ball
2-2: Ground out 6-3 (Groundball, 6)
Batting: RHB Isaac Downey 0-0: Called Strike
0-1: Ground out 5-3 (Groundball, 5L)
Bottom of the 5th over - 0 run(s), 0 hit(s), 0 error(s), 0 left on base; Portland 6 - Toledo 0
TOP OF THE 6TH
Portland Evergreens batting - Pitching for Toledo Stingers : LHP Jack King
Batting: LHB Gabriel Díaz 0-0: Ball
1-0: Foul Ball, location: 2F
1-1: Foul Ball, location: 2F
1-2: Fly out, F8 (Flyball, 78D)
Batting: RHB Silvio Bonauiti 0-0: Foul Ball, location: 2F
0-1: Swinging Strike
0-2: Strikes out swinging
Batting: LHB Charles Mathes 0-0: Ball
1-0: Ball
2-0: DOUBLE (Line Drive, 78D)
Batting: LHB Chris Payling 0-0: SINGLE (Groundball, 56) (infield hit)
Charles Mathes to third
Batting: LHB John Ennis 0-0: Ball
1-0: Ball
2-0: Foul Ball, location: 2F
2-1: Ground out 4-3 (Groundball, 34)
Top of the 6th over - 0 run(s), 2 hit(s), 0 error(s), 2 left on base; Portland 6 - Toledo 0
BOTTOM OF THE 6TH
Toledo Stingers batting - Pitching for Portland Evergreens : RHP Roberto Calderón
Batting: RHB Juan Ramos 0-0: Ball
1-0: Ball
2-0: Called Strike
2-1: Called Strike
2-2: Strikes out looking
Batting: LHB Locke Lamora 0-0: Ball
1-0: Swinging Strike
1-1: Fly out, F8 (Flyball, 8LS)
Batting: LHB Chris West 0-0: Called Strike
0-1: Ball
1-1: Ground out 5-3 (Groundball, 56S)
Bottom of the 6th over - 0 run(s), 0 hit(s), 0 error(s), 0 left on base; Portland 6 - Toledo 0
TOP OF THE 7TH
Portland Evergreens batting - Pitching for Toledo Stingers : LHP Jack King
Batting: LHB Adrián Gómez 0-0: Ball
1-0: Called Strike
1-1: Fly out, F8 (Flyball, 8LM)
Batting: RHB Ty Struck 0-0: Fly out, F8 (Line Drive, 8LM)
Batting: LHB José Ruíz 0-0: Ball
1-0: Ball
2-0: Ground out 3-1 (Groundball, 34)
Top of the 7th over - 0 run(s), 0 hit(s), 0 error(s), 0 left on base; Portland 6 - Toledo 0
BOTTOM OF THE 7TH
Toledo Stingers batting - Pitching for Portland Evergreens : RHP Roberto Calderón
Batting: RHB Alfredo Martínez 0-0: Ball
1-0: Ball
2-0: Called Strike
2-1: Ground out 5-3 (Groundball, 5L)
Batting: SHB Dylan Carson 0-0: Called Strike
0-1: Ground out 4-3 (Groundball, 4D)
Batting: SHB Leonard O'Connor 0-0: Ball
1-0: Ground out U3 (Groundball, 34)
Bottom of the 7th over - 0 run(s), 0 hit(s), 0 error(s), 0 left on base; Portland 6 - Toledo 0
TOP OF THE 8TH
Portland Evergreens batting - Pitching for Toledo Stingers : LHP Jack King
Batting: RHB Frank Crocker 0-0: Called Strike
0-1: Ground out 4-3 (Groundball, 34)
Batting: LHB Gabriel Díaz 0-0: Ball
1-0: Called Strike
1-1: Ball
2-1: Fly out, F8 (Line Drive, 8LS)
Batting: RHB Silvio Bonauiti 0-0: Ground out 5-3 (Groundball, 56S)
Top of the 8th over - 0 run(s), 0 hit(s), 0 error(s), 0 left on base; Portland 6 - Toledo 0
BOTTOM OF THE 8TH
Toledo Stingers batting - Pitching for Portland Evergreens : RHP Roberto Calderón
Batting: RHB Ken Little 0-0: Called Strike
0-1: Foul Ball, location: 2F
0-2: Strikes out swinging
Batting: RHB Meka Knight 0-0: Swinging Strike
0-1: Ball
1-1: Swinging Strike
1-2: Ball
2-2: DOUBLE (Flyball, 78D) - OUT at third base trying to stretch hit.
Batting: RHB Isaac Downey 0-0: Ball
1-0: Swinging Strike
1-1: Swinging Strike
1-2: Strikes out swinging
Bottom of the 8th over - 0 run(s), 1 hit(s), 0 error(s), 0 left on base; Portland 6 - Toledo 0
TOP OF THE 9TH
Portland Evergreens batting - Pitching for Toledo Stingers : LHP Jack King
Pitching: LHP José Tovar
Batting: LHB Charles Mathes 0-0: Ball
1-0: Ball
2-0: TRIPLE (Line Drive, 9LD)
Batting: LHB Chris Payling 0-0: Ball
1-0: SINGLE (Groundball, 34S) (infield hit)
Charles Mathes scores
Batting: LHB John Ennis 0-0: Swinging Strike
0-1: Foul Ball, location: 2F
0-2: Ground out 5-3 (Groundball, 56S)
Chris Payling to second
Batting: LHB Adrián Gómez 0-0: Fly out, F4 (Popup, 34D)
Batting: RHB Ty Struck 0-0: Foul Ball, location: 2F
0-1: Ball
1-1: Swinging Strike
1-2: Strikes out looking
Top of the 9th over - 1 run(s), 2 hit(s), 0 error(s), 1 left on base; Portland 7 - Toledo 0
BOTTOM OF THE 9TH
Toledo Stingers batting - Pitching for Portland Evergreens : RHP Roberto Calderón
Now at C: Joram Nelen
Batting: RHB Juan Ramos 0-0: Ground out 6-3 (Groundball, 6)
Batting: LHB Locke Lamora 0-0: Foul Ball, location: 2F
0-1: Ball
1-1: Ball
2-1: Ball
3-1: Ground out 4-3 (Groundball, 34)
Batting: LHB Chris West 0-0: Ball
1-0: SINGLE (Line Drive, 56D)
Batting: RHB Alfredo Martínez 0-0: Ball
1-0: Ball
2-0: Ball
3-0: Called Strike
3-1: SINGLE (Flyball, 89S)
Chris West to second
Runner from 2nd tries for 3rd, SAFE, throw made to third
Alfredo Martínez to second
Batting: SHB Dylan Carson 0-0: Called Strike
0-1: Ball
1-1: Ball
2-1: Called Strike
2-2: Strikes out looking
Bottom of the 9th over - 0 run(s), 2 hit(s), 0 error(s), 2 left on base; Portland 7 - Toledo 0
Wednesday, August 16th, 2017 - OOTP Baseball 17.12 Build 75